 Dungeon Crawl Stone Soup version 0.24.0-13-gcf9b3192b9 (webtiles) character file.

Game seed: 14354152867140732033, levelgen mode: deterministic

82 Lanoc the Ruffian (level 4, -3/44 HPs)
             Began as a Troll Monk on Nov 10, 2019.
             Slain by Sigmund
             ... wielding a +1 scythe of holy wrath
              (10 damage)
             ... on level 3 of the Dungeon.
             The game lasted 00:01:15 (698 turns).

Lanoc the Ruffian (Troll Monk)                       Turns: 698, Time: 00:01:16

Health: -3/44      AC:  6    Str: 19    XL:     4   Next: 21%
Magic:  3/3        EV: 11    Int:  6    God:
Gold:   98         SH:  0    Dex: 13    Spells: 3/3 levels left

rFire    . . .     SeeInvis .     - Unarmed
rCold    . . .     Gourm    +   (no shield)
rNeg     . . .     Faith    .   a - +0 robe
rPois    .         Spirit   .   (helmet restricted)
rElec    .         Reflect  .   (no cloak)
rCorr    .         Harm     .   (gloves unavailable)
MR       .....                  (boots unavailable)
Stlth    ++........             (no amulet)
HPRegen  0.54/turn              (no ring)
MPRegen  0.08/turn              (no ring)

@: very slightly contaminated, invisible
A: large, unfitting armour, claws 3, fast metabolism 3, gourmand, regeneration
1, shaggy fur 1, tough skin 3
a: no special abilities


You were on level 3 of the Dungeon.
You were very full.

You visited 1 branch of the dungeon, and saw 3 of its levels.

You collected 98 gold pieces.

Inventory:

Missiles
 c - 5 boomerangs (quivered)
Armour
 a - a +0 robe (worn)
Scrolls
 d - a scroll of fog {unknown}
 e - a scroll of magic mapping {unknown}
 g - a scroll of amnesia {unknown}
Comestibles
 b - 6 rations


   Skills:
 + Level 2.9 Fighting
 + Level 2.9 Dodging
 - Level 1.0 Stealth
 * Level 4.2 Unarmed Combat


You had 3 spell levels left.
You didn't know any spells.
Your spell library was empty.

Dungeon Overview and Level Annotations

Branches:
Dungeon (3/15)

Altars:

Annotations:
D:3 Sigmund


Innate Abilities, Weirdness & Mutations

You are too large for most types of armour.
You have claws for hands.
Your metabolism is lightning-fast.
You like to eat raw meat.
Your natural rate of healing is unusually fast.
You are covered in fur. (AC +1)
You have extremely tough skin. (AC +3)


Message History

You barely miss something. Something hits you!
You miss something.
You hear some strange, mumbled words.
A magic dart appears from out of thin air!
The magic dart hits you.
You scratch something but do no damage. Something hits you!
You miss something. You barely miss something. Something hits you!
It was a potion of invisibility.
You fade into invisibility!
You are very lightly contaminated with residual magic.
You barely miss something. Something hits you.
You completely miss something. Something hits you.
* * * LOW HITPOINT WARNING * * *
You closely miss something. You miss something. Something hits you!
* * * LOW HITPOINT WARNING * * *
You scratch something. You scratch something. Something hits you!
You die...

#.....######.#
#.....# #.# #.....#
####.### #.....#
#....... ###.....#
#.#####.
..###.#####.# #. #
#.###.####..# #.
#.##{##........# #.
#...@#.#.####..#####.
###...#.#.###........
#...#.#.#......#####
........###.#...#.#
.###...# #.#..#.#.#
####.#.#.....#.#
#..#.##.###.# #.
#.......###.# #.#
###...#.....####


There were no monsters in sight!

Vanquished Creatures
  A centaur skeleton (D:3)
  A worker ant (D:3)
  A gnoll (D:1)
  A worm (D:3)
  A leopard gecko (D:3)
  3 orcs (D:3)
  A hobgoblin (D:1)
  A quokka (D:3)
  3 bats (D:2)
  2 frilled lizards
  A kobold (D:3)
  2 rats
18 creatures vanquished.

Notes
Turn   | Place    | Note
-------+----------+-------------------------------------------
     0 | D:1      | Lanoc the Troll Monk began the quest for the Orb.
     0 | D:1      | Reached XP level 1. HP: 22/22 MP: 0/0
    37 | D:1      | Reached XP level 2. HP: 27/29 MP: 1/1
   480 | D:3      | Reached XP level 3. HP: 25/36 MP: 2/2
   593 | D:3      | Reached skill level 4 in Unarmed Combat
   593 | D:3      | Reached XP level 4. HP: 40/44 MP: 3/3
   684 | D:3      | Noticed Sigmund
   698 | D:3      | Slain by Sigmund

Levels and vault maps discovered:
D:1:      eino_arrival_water_star, layout_basic, minmay_misc_feat_encased,
          minmay_octomino_j4
D:2:      layout_basic, serial_park_tiny_1, chequers_arboretum,
          makhleb_heckhound_becter
D:3:      layout_loops_cross, chequers_temple_overflow_minitemple,
          gammafunk_temple_overflow_wave, uniq_sigmund

Skill      XL: |  1  2  3 |
---------------+----------+-----
Unarmed Combat | 4 |  4.2
Fighting       | |  2.9
Dodging        | |  2.9
Stealth        | |  1.0

Action                   |  1- 3 |  4- 6 || total
-------------------------+-------+-------++-------
Melee: Unarmed           |    53 |    15 ||    68
  Use: Potion            |       |     1 ||     1
 Stab: Sleeping          |     1 |       ||     1
  Eat: Chunk             |    10 |       ||    10
Armor: Robe              |    17 |     1 ||    18
Dodge: Dodged            |    26 |     1 ||    27
